 Dungeon Sprint DCSS version 0.30-a0-222-ge547ba4400 (webtiles) character file.

Game seed: 15652030010258742669

290 rocky1 the Carver (level 6, -2/53 HPs)
             Began as a Merfolk Gladiator on Oct 9, 2022.
             Slain by Menkaure (18 damage)
             ... in the Dungeon (Sprint II: "The Violet Keep of Menkaure").
             The game lasted 00:00:38 (30 turns).

rocky1 the Carver (Merfolk Gladiator)                 Turns: 30, Time: 00:00:38

Health: -2/53      AC:  4    Str: 15    XL:     6   Next: 32%
Magic:  6/6        EV: 16    Int:  7    God:
Gold:   243        SH:  0    Dex: 17    Spells: 5/5 levels left

rFire   . . .      SeeInvis .    a - +0 long sword
rCold   . . .      Faith    .    (no shield)
rNeg    . . .      Spirit   .    b - +0 leather armour
rPois   .          Reflect  .    c - +0 helmet
rElec   .          Harm     .    (no cloak)
rCorr   .          Rampage  .    (no gloves)
Will    .....      NoTele   +    (no boots)
Stlth   +.........               (no amulet)
HPRegen 0.28/turn                (no ring)
MPRegen 0.10/turn                (no ring)

@: on berserk cooldown, slowed, very slow
A: (nimble swimmer 2), mertail
a: no special abilities


You were in the Dungeon.
You visited 1 branch You collected 243 gold pieces.

Inventory:

Hand Weapons
 a - a +0 long sword (weapon)
Missiles
 d - 3 throwing nets (quivered)
 e - a javelin
Armour
 b - a +0 leather armour (worn)
 c - a +0 helmet (worn)
Scrolls
 k - a scroll of blinking
Potions
 f - a potion of curing
 g - a potion of heal wounds
 h - a potion of haste
 i - 2 potions of magic


   Skills:
 + Level 6.6 Fighting
 * Level 10.3 Long Blades
 - Level 2.0 Throwing
 + Level 4.1 Armour
 + Level 8.5 Dodging


You had 5 spell levels left.
You didn't know any spells.
Your spell library was empty.

Dungeon Overview and Level Annotations

Branches:
Dungeon (1/1)

Altars:

Annotations:
D Menkaure


Innate Abilities, Weirdness & Mutations

((You are very nimble when in or above water. (Stealth+, EV+, Speed+++)))
Your lower body shifts to a powerful aquatic tail in water.


Message History

The wyvern is moderately wounded.
The wyvern misses you.
You closely miss the wyvern.
The wyvern is lightly wounded.
The wyvern bites you but does no damage.
You slash the wyvern!
The wyvern is heavily wounded.
The wyvern bites you!
You slash the wyvern!
You kill the wyvern!
Your Fighting skill increases to level 6!
Your Long Blades skill gained 2 levels and is now at level 10!
Your Armour skill increases to level 4!
Your Dodging skill increases to level 8!
You have reached level 6!
Unknown command.
There is an open door here.
You see here a wyvern corpse.
You feel a strong urge to attack something.
You now have 243 gold pieces.
You are no longer berserk.
You are exhausted.
You feel yourself slow down.
There is an open door here.
You see here a wyvern corpse.
You open the door.
Menkaure and a water moccasin come into view.
Menkaure shouts!
The water moccasin hisses angrily.
The water moccasin is engulfed in a cloud of scalding steam. x2
The water moccasin dies!
Menkaure casts a spell.
Menkaure seems to speed up.
There is an open door here.
Menkaure gestures at you while chanting.
Pain shoots through your body! Menkaure closely misses you.
You barely miss Menkaure. Menkaure completely misses you.
You hit Menkaure.
Menkaure is lightly damaged.
Menkaure hits you!!
You die...

### ..# ###..##
#+###.##..#
##.##.#.#..#
+.<.†###'..###
##.##.#.#@...#
#+###.##M.§...~~
###~§..§§.~#
~~§~~~†.~#
~§§~§~§~§§#
~§§§≈≈~§§~§#
~~~§~≈§§§§§~#
+++#§≈≈≈§§§≈~#


You could see Menkaure (fast).

Vanquished Creatures
  2 wyverns (D)
2 creatures vanquished.

Vanquished Creatures (others)
  A water moccasin (D)
1 creature vanquished.

Grand Total: 3 creatures vanquished

Notes
Turn   | Place    | Note
-------+----------+-------------------------------------------
     0 | D        | rocky1 the Merfolk Gladiator began the quest for the Orb.
     0 | D        | Reached XP level 1. HP: 16/16 MP: 1/1
     1 | D        | Noticed a wyvern
     1 | D        | Noticed a wyvern
     8 | D        | Killed a wyvern
     9 | D        | Reached skill level 5 in Fighting
     9 | D        | Reached skill level 8 in Long Blades
     9 | D        | Reached XP level 2. HP: 27/27 MP: 2/2
     9 | D        | Reached XP level 3. HP: 33/33 MP: 3/3
     9 | D        | Reached XP level 4. HP: 39/39 MP: 4/4
     9 | D        | Reached XP level 5. HP: 44/44 MP: 5/5
    18 | D        | Killed a wyvern
    19 | D        | Reached skill level 10 in Long Blades
    19 | D        | Reached XP level 6. HP: 27/53 MP: 6/6
    27 | D        | Noticed Menkaure
    27 | D        | Noticed a water moccasin
    27 | D        | Killed a water moccasin
    30 | D        | Slain by Menkaure

Illustrated notes

Levels and vault maps discovered:
D:        the_violet_keep_of_menkaure [sprint2_stairs_cluster_1,
          sprint2_shoproom, sprint2_temple, sprint2_basic_supplies,
          sprint2_obstacle_1, sprint2_obstacle_3, sprint2_obstacle_2,
          sprint2_obstacle_6, sprint2_obstacle_7, sprint2_timed_cluster_1,
          sprint2_smallroom_cluster_1, sprint2_smallroom_final_cluster_1,
          sprint2_transparent_cluster_1, sprint2_second_timed_cluster_1,
          sprint2_sniper_area_1, sprint2_heavy_combat_area_1,
          sprint2_mutation_trap_area_1, sprint2_forest_area_1,
          sprint2_light_combat_area_1, sprint2_behind_water_1,
          sprint2_near_end_vault_1]

Skill      XL: |  1  2  3  4  5 |
---------------+----------------+-----
Fighting       | 5 6 |  6.6
Long Blades    | 8 10 | 10.3
Armour         | 3 4 |  4.1
Dodging        | 7 8 |  8.5
Throwing       | |  2.0

Action                   |  1- 3 |  4- 6 || total
-------------------------+-------+-------++-------
Melee: Long sword        |     6 |    12 ||    18
  Use: Potion            |     1 |       ||     1
Armor: Leather armour    |     1 |     1 ||     2
Dodge: Dodged            |     7 |     6 ||    13

Table legend: (Time is in decaauts)
 A = Elapsed time spent in this place.
 B = Non-inter-level travel time spent in this place.
 C = Inter-level travel time spent in this place.
 D = Time resting spent in this place.
 E = Time spent auto-exploring this place.
 F = Levels seen in this place.
 G = Mean time per level.
                   A        B        C        D        E       F      G
               +--------+--------+--------+--------+--------+-----+--------+
         Total |     28 |     28 |      0 |      0 |      0 |   1 |   28.0 |
       Dungeon |     28 |     28 |      0 |      0 |      0 |   1 |   28.0 |
               +--------+--------+--------+--------+--------+-----+--------+

Top non-repeatable levels by time:
       D: 28 daAuts
